Map: Ephemeron LE

Players

HeroMarine

  • Race: Terran Terran
  • Spawn Location: 11:00

liquidthermy (uThermal) - Winner!

  • Race: Terran Terran
  • Spawn Location: 5:00

VOD

Have the link to the VOD?

Description

Time

  • Played on: Jan. 14, 2020, 1:57 p.m.
  • Length: 11:19
Show
View Real Time Build Order
Export as new Build Order

HeroMarine Terran 

Build Orders: Reaper Expand 

Get SALT Encoding   

  12  0:00  SCV  
  13  0:12  SCV  
  14  0:17  Supply Depot  
  14  0:25  SCV  
  15  0:38  SCV  
  15  0:39  Barracks  
  16  0:43  Refinery  
  16  0:51  SCV  
  17  1:03  SCV  
  18  1:15  SCV  
  19  1:26  Reaper  
  19  1:27  Orbital Command  
  20  1:47  Command Center  
  20  1:53  SCV  
  21  1:57  Supply Depot  
  21  1:58  Marine  
  22  2:05  SCV  
  23  2:10  Factory  
  23  2:19  SCV  
  23  2:20  Refinery  
  23  2:22  Barracks Reactor  
  23  2:31  SCV  
  24  2:41  Bunker  
  24  2:43  SCV  
  24  2:55  SCV  
  24  2:57  Hellion  
  27  2:58  Marine x2  
  27  2:59  Starport  
  29  3:07  SCV  
  30  3:16  Orbital Command  
  30  3:19  SCV  
  30  3:21  Factory Tech Lab  
  30  3:29  Marine x2  
  30  3:31  SCV  
  36  3:43  SCV  
  36  3:44  SCV  
  36  3:45  Starport Tech Lab  
  36  3:47  Marine x2, Cyclone  
  40  3:55  SCV  
  40  3:56  SCV  
  40  3:59  Supply Depot  
  42  4:04  Raven, Marine  
  42  4:05  Marine  
  46  4:18  Supply Depot  
  46  4:20  SCV x2  
  46  4:21  Cyclone  
  46  4:22  Marine x2  
  53  4:32  SCV  
  53  4:38  Supply Depot  
  54  4:40  SCV  
  55  4:47  Command Center  
  55  4:48  SCV  
  55  4:52  SCV  
  57  5:00  SCV  
  57  5:03  Barracks  
  57  5:04  SCV  
  59  5:08  Starport Reactor  
  59  5:11  Barracks, Stimpack  
  59  5:12  SCV  
  60  5:15  Marine  
  60  5:16  SCV  
  62  5:24  SCV  
  62  5:25  Supply Depot  
  63  5:28  SCV  
  63  5:33  Marine  
  68  5:36  SCV  
  68  5:38  Engineering Bay  
  68  5:40  SCV  
  68  5:41  Engineering Bay  
  67  5:43  Refinery  
  67  5:44  Refinery  
  67  5:48  SCV  
  68  5:51  Marine x2  
  68  5:52  Marauder  
  68  5:53  SCV  
  73  5:57  Medivac x2  
  73  5:58  Orbital Command  
  73  6:01  SCV  
  78  6:05  SCV  
  78  6:07  Terran Infantry Weapons Level 1, Terran Infantry Armor Level 1  
  78  6:10  Marine  
  82  6:12  Marine  
  82  6:13  SCV  
  82  6:17  SCV  
  87  6:18  Marauder  
  87  6:26  SCV  
  87  6:29  SCV  
  87  6:31  Marine x2, Orbital Command  
  89  6:36  Medivac  
  89  6:37  Medivac  
  89  6:38  Barracks Reactor  
  93  6:41  Supply Depot  
  93  6:42  Supply Depot  
  93  6:53  Supply Depot, Barracks x2  
  93  7:00  Marine  
  93  7:02  SCV  
  93  7:03  SCV  
  93  7:04  SCV, Siege Tank  
  97  7:11  Marine x2  
  97  7:12  Medivac  
  97  7:14  SCV, Medivac  
  97  7:15  SCV  
  105  7:16  SCV  
  105  7:19  Marine x3  
  109  7:26  SCV  
  109  7:27  SCV, Combat Shield  
  109  7:28  SCV, Marine  
  109  7:29  Marine  
  114  7:32  Refinery x2  
  114  7:33  Supply Depot  
  114  7:35  Armory  
  114  7:36  Marine x2  
  114  7:37  Marine  
  115  7:38  SCV  
  115  7:39  SCV  
  115  7:40  SCV  
  115  7:42  Barracks Reactor x2  
  120  7:46  Marine  
  120  7:50  Marine, SCV, Supply Depot  
  120  7:51  SCV, Supply Depot  
  123  7:52  SCV  
  123  7:54  Marine  
  123  7:56  Marine  
  125  8:06  SCV, Marine  
  125  8:07  SCV x2, Marine  
  125  8:10  Marine  
  125  8:12  Marine  
  130  8:14  Marine  
  130  8:18  SCV  
  130  8:19  SCV x2  
  128  8:21  Refinery  
  128  8:23  Engineering Bay  
  128  8:25  Marine  
  128  8:26  Supply Depot  
  130  8:27  Marine x2  
  130  8:28  Medivac, Siege Tank  
  130  8:30  SCV, Medivac  
  130  8:31  SCV x2  
  130  8:34  Marine x2  
  142  8:39  Sensor Tower  
  142  8:40  Marine x4  
  147  8:42  SCV  
  147  8:43  SCV  
  147  8:47  SCV  
  150  8:48  Terran Infantry Weapons Level 2  
  150  8:53  Terran Infantry Armor Level 2  
  150  8:54  SCV  
  151  8:56  Marine x2  
  152  9:02  SCV  
  152  9:03  SCV  
  152  9:06  SCV  
  152  9:08  Terran Vehicle Weapons Level 1  
  151  9:10  Marine x3  
  151  9:11  Marine x3  
  157  9:18  SCV  
  157  9:19  Factory  
  157  9:22  Barracks Reactor  
  158  9:25  Supply Depot, Command Center  
  158  9:27  Supply Depot  
  158  9:28  Viking x2  
  162  9:32  Siege Tank  
  164  9:39  Marine x2  
  166  9:46  Marine x2  
  166  9:47  Marine  
  166  9:48  Marine x3  
  172  9:57  Marine x2  
  171  10:04  Marine  
  171  10:05  Marine x2  
  147  10:08  Marine  
  147  10:09  Marine  
  147  10:10  SCV x3  
  147  10:11  Marine x3  
  147  10:12  Viking x2, Siege Tank x2  
  154  10:15  Marine x2  
  156  10:22  SCV x2, Marine  
  156  10:23  Marine x2  
  156  10:26  Marine  
  156  10:27  Marine  
  161  10:29  Marine x2  
  161  10:31  Marine  
  161  10:32  Marine  
  161  10:35  Marine  
  165  10:40  Marine  
  165  10:41  Marine x2  
  163  10:43  Marine  
  163  10:44  Siege Tank x2  
  163  10:45  Marine  
  163  10:46  Marine  
  163  10:47  Marine  
  163  10:49  Marine  
  175  10:50  Marine  
  175  10:53  Marine  
  173  10:58  Marine  
  173  10:59  Marine x2  
Show
View Real Time Build Order
Export as new Build Order

liquidthermy Terran - Winner!

Build Orders: Gas First Reaper Expand 

Get SALT Encoding   

  12  0:01  SCV  
  13  0:13  SCV  
  14  0:17  Supply Depot  
  14  0:25  SCV  
  14  0:27  Refinery  
  15  0:38  SCV  
  16  0:44  Barracks  
  16  0:51  SCV  
  17  1:03  SCV  
  18  1:15  SCV  
  19  1:31  Orbital Command, Reaper  
  20  1:45  Command Center  
  20  1:57  SCV  
  21  2:01  Factory  
  21  2:05  Barracks Reactor  
  21  2:10  SCV  
  21  2:14  Supply Depot  
  22  2:22  SCV  
  23  2:32  Refinery  
  23  2:34  SCV  
  23  2:46  SCV, Starport  
  24  2:52  Hellion x2  
  24  2:58  SCV  
  29  3:00  Orbital Command  
  29  3:08  Orbital Command  
  29  3:10  SCV  
  30  3:13  Hellion  
  30  3:15  Hellion  
  34  3:22  SCV  
  35  3:27  Fusion Core  
  35  3:30  Refinery  
  35  3:34  SCV x2  
  36  3:38  Starport Tech Lab  
  37  3:46  SCV x2  
  39  3:50  Supply Depot  
  39  3:54  Marine x2  
  41  3:58  SCV x2  
  43  4:10  SCV  
  43  4:16  Battlecruiser  
  50  4:17  Marine x2  
  50  4:19  Supply Depot  
  50  4:21  SCV, Factory Tech Lab  
  50  4:22  SCV  
  54  4:38  Supply Depot  
  54  4:41  Marine x2, SCV x2, Siege Tank  
  61  4:53  SCV  
  61  4:55  Command Center  
  62  5:00  SCV  
  62  5:04  Supply Depot  
  62  5:05  SCV  
  64  5:12  SCV  
  64  5:13  Siege Tank  
  68  5:17  SCV  
  69  5:24  SCV  
  69  5:25  Marine, Stimpack  
  69  5:27  Barracks  
  69  5:28  Barracks  
  71  5:29  Starport Reactor  
  71  5:31  SCV  
  71  5:32  Supply Depot  
  72  5:36  SCV  
  72  5:39  Engineering Bay  
  72  5:41  Engineering Bay  
  73  5:44  Marine  
  73  5:45  Siege Tank  
  77  5:50  SCV  
  77  5:51  Refinery  
  77  5:53  SCV  
  77  5:54  Supply Depot  
  79  6:02  Marine, SCV  
  81  6:05  SCV  
  81  6:06  Terran Infantry Weapons Level 1  
  81  6:07  Terran Infantry Armor Level 1  
  81  6:08  Orbital Command  
  81  6:10  Starport Reactor  
  82  6:15  Marine x2  
  84  6:21  Marine x2  
  86  6:27  Barracks x2, Siege Tank  
  86  6:28  SCV  
  86  6:30  SCV  
  91  6:35  SCV, Marine x2  
  91  6:39  Marine  
  95  6:40  SCV  
  95  6:41  Supply Depot  
  95  6:42  Marine x2  
  94  6:48  Medivac x2  
  94  6:49  SCV  
  94  6:53  Marine  
  100  6:54  Supply Depot  
  100  6:55  SCV  
  100  6:56  SCV, Marine  
  100  7:00  Marine  
  100  7:01  SCV  
  105  7:05  Marine  
  105  7:07  SCV  
  105  7:08  SCV  
  108  7:12  Combat Shield, Siege Tank  
  108  7:13  SCV, Supply Depot  
  112  7:19  SCV, Medivac x2  
  112  7:20  SCV  
  118  7:23  Barracks Reactor  
  118  7:24  Barracks Reactor, Armory  
  118  7:27  SCV  
  118  7:28  Marine  
  120  7:30  Marine  
  120  7:31  Marine, Refinery  
  120  7:32  Marine, Refinery  
  120  7:33  Marine  
  124  7:39  SCV  
  124  7:42  Sensor Tower  
  123  7:46  Marine  
  123  7:47  Siege Tank  
  123  7:48  Marine  
  123  7:49  Marine  
  123  7:50  Marine  
  129  7:51  Marine  
  129  7:58  SCV  
  133  8:02  Supply Depot  
  133  8:03  Supply Depot  
  133  8:12  Supply Depot  
  133  8:14  Marine x2, Terran Infantry Weapons Level 2  
  133  8:15  Terran Infantry Armor Level 2  
  133  8:16  Marine  
  133  8:17  Marine  
  133  8:22  Supply Depot  
  133  8:23  Marine x4  
  133  8:24  SCV, Siege Tank  
  133  8:25  Marine  
  133  8:27  Supply Depot  
  142  8:31  Marine  
  143  8:34  SCV  
  143  8:35  SCV, Marine x2, Medivac  
  143  8:38  Marine  
  150  8:42  Marine x2  
  150  8:48  Marine x2, Terran Vehicle Weapons Level 1  
  153  8:55  Marine  
  155  8:56  Siege Tank  
  155  9:00  Marine  
  155  9:01  Marine  
  157  9:03  Marine  
  157  9:04  Marine x2  
  157  9:08  Marine x3, Medivac  
  149  9:13  Marine  
  149  9:17  Medivac, Command Center  
  150  9:18  Marine  
  150  9:19  Marine  
  150  9:21  Marine x2  
  152  9:25  Marine  
  152  9:29  Siege Tank  
  156  9:31  Marine  
  156  9:34  Marine, Sensor Tower  
  156  9:38  Marine, Medivac  
  160  9:39  Marine  
  160  9:41  Marine x3, Supply Depot  
  160  9:45  Marine  
  166  9:47  Marine, Medivac  
  168  10:06  Marine  
  148  10:08  Medivac  
  148  10:09  Marine  
  148  10:10  Marine x2  
  148  10:12  Marine x2  
  148  10:13  Marine x2  
  156  10:16  Marine, Medivac, Siege Tank  
  162  10:24  Marine  
  162  10:27  Marine x2  
  162  10:28  Marine  
  166  10:38  Medivac  
  165  10:47  Marine x2  
  165  10:48  Marine x2  
  165  10:52  Marine x2  
  165  10:53  Marine  
  165  10:55  Marine  
Tags
 
Add a new tag
Caveats
  • Supply blocks, unpowered buildings, or Contaminate may cause inaccurate times.
  • Supply counts are checked every 10 seconds.